 Dungeon Crawl Stone Soup version 0.29.0-11-gd7f09526c8 (webtiles) character file.

Game seed: 10669679153900871291

51 sanka the Trooper (level 3, -1/31 HPs)
             Began as a Ghoul Monk on Sept 4, 2022.
             Killed from afar by Sigmund (6 damage)
             ... with a magic dart
             ... on level 3 of the Dungeon.
             The game lasted 00:01:42 (1694 turns).

sanka the Trooper (Ghoul Monk)                      Turns: 1694, Time: 00:01:42

Health: -1/31      AC: 10    Str: 16    XL:     3   Next: 83%
Magic:  2/2        EV:  4    Int:  5    God:
Gold:   60         SH:  0    Dex: 11    Spells: 2/2 levels left

rFire   . . .      SeeInvis .   a - +0 war axe
rCold   + . .      Faith    .   (no shield)
rNeg    + + +      Spirit   .   n - +0 plate armour
rPois   ∞          Reflect  .   (no helmet)
rElec   .          Harm     .   (no cloak)
rCorr   .          Rampage  .   (no gloves)
Will    .....                   (no boots)
Stlth   ..........              (no amulet)
HPRegen 0.00/turn               (no ring)
MPRegen 0.08/turn               (no ring)

@: inhibited regen
A: claws 1, cold resistance 1, negative energy resistance 3, inhibited
regeneration, torment resistance 2, devour on kill
a: no special abilities


You were on level 3 of the Dungeon.
You visited 1 branch of the dungeon, and saw 3 of its levels.

You collected 60 gold pieces.


Innate Abilities, Weirdness & Mutations

You are immune to poison.
You have sharp fingernails.
Your flesh is cold resistant. (rC+)
You are immune to negative energy. (rN+++)
You do not regenerate when monsters are visible.
You are immune to unholy pain and torment.
You thrive by killing the living.


   Skills:
 - Level 3.2 Fighting
 - Level 2.6(3.3) Axes
 + Level 3.0(3.5) Maces & Flails
 - Level 2.6 Dodging
 - Level 2.1 Stealth


You had 2 spell levels left.
You didn't know any spells.
Your spell library contained the following spells:

 Spells                   Type           Power      Damage    Failure   Level
 Blink                    Tloc           0%         N/A       100%        2
 Lesser Beckoning         Tloc           0%         N/A       100%        3
 Manifold Assault         Tloc           0%         N/A       100%        5

Inventory:

Hand Weapons
 a - a +0 war axe (weapon)
 i - a +0 hand axe
Armour
 b - a +0 robe
 k - a +0 chain mail
 n - a +0 plate armour (worn)
Scrolls
 e - 2 scrolls of identify {unknown}
 h - a scroll of summoning {unknown}
 l - a scroll of vulnerability {unknown}
Potions
 c - a potion of ambrosia
 d - a potion of lignification {unknown}
 f - a potion of degeneration {unknown}
 g - a potion of might {unknown}
 j - a potion of curing {unknown}
 m - a potion of heal wounds {unknown}

Dungeon Overview and Level Annotations

Branches:
Dungeon (3/15)

Altars:
Dithmenos

Annotations:
D:3 Sigmund

...⌠...8..
.......
▒▒▒▒▒...▒▒▒▒▒
▒...........▒
▒.<.......<.▒
▒.....{.....▒
▒▒▒▒▒...▒▒▒▒▒
▒...▒ ▒.n.▒
▒...▒ ▒▒▒▒▒


There were no monsters in sight!


Message History

Unknown command.
You miss something. Something hits you but does no damage.
Unknown command.
You closely miss something. Something hits you.
Unknown command.
You closely miss something. Something hits you.
Unknown command.
You barely miss something. Something hits you but does no damage.
You miss something. Something hits you!
* * * LOW HITPOINT WARNING * * *
Unknown command.
You slash something! Something hits you.
* * * LOW HITPOINT WARNING * * *
Unknown command.
You miss something. Something hits you but does no damage.
You miss something. Something hits you but does no damage.
A puff of flame appears from out of thin air!
The puff of flame hits you but does no damage.
There is a stone staircase leading up here.
A magic dart appears from out of thin air!
The magic dart hits you.
You die...

Action                   || total
-------------------------++-------
Melee: Hand axe          ||    50
       War axe           ||    88
 Stab: Sleeping          ||     3
Armor: Robe              ||    16
       Chain mail        ||    30
       Plate armour      ||     6
Dodge: Dodged            ||    80

Levels and vault maps discovered:
D:1:      spicycebolla_arrival_transporter_tutorial, layout_basic,
          dk_noncrumbling_4
D:2:      layout_rooms, basic_altar, minmay_lizard_king
D:3:      layout_basic, yredelemnul_forgotten_temple_becter, tgw_sif,
          nicolae_elevator_lobby_plus, uniq_sigmund

Notes
Turn   | Place    | Note
-------+----------+-------------------------------------------
     0 | D:1      | sanka the Ghoul Monk began the quest for the Orb.
     0 | D:1      | Reached XP level 1. HP: 19/19 MP: 0/0
   252 | D:1      | Reached skill level 1 in Maces & Flails
   314 | D:1      | Reached XP level 2. HP: 23/26 MP: 1/1
   586 | D:1      | Reached skill level 2 in Maces & Flails
  1094 | D:2      | Reached XP level 3. HP: 27/31 MP: 2/2
  1325 | D:2      | Found a shadowy altar of Dithmenos.
  1519 | D:2      | Reached skill level 3 in Maces & Flails
  1673 | D:3      | Noticed Sigmund
  1694 | D:3      | Killed from afar by Sigmund

Vanquished Creatures
  An adder (D:2)
  A worm (D:2)
  3 dart slugs
  4 bats
  4 endoplasms
  3 goblins
  A hobgoblin (D:1)
  3 jackals (D:1)
  2 quokkas (D:1)
  A ball python (D:2)
  11 frilled lizards (D:2)
  A kobold (D:2)
35 creatures vanquished.

Vanquished Creatures (others)
  6 plants (D:2)
6 creatures vanquished.

Grand Total: 41 creatures vanquished
